 Dungeon Crawl Stone Soup version 0.20-a0-1116-gaa52201 (webtiles) character file.

23 grindst0ne the Skirmisher (level 2, -6/24 HPs)
             Began as a Demonspawn Berserker on May 8, 2017.
             Was a Follower of Trog.
             Mangled by Sigmund
             ... wielding a cursed -3 scythe
              (8 damage)
             ... on level 2 of the Dungeon.
             The game lasted 00:02:29 (836 turns).

grindst0ne the Skirmisher (Demonspawn Berserker)     Turns: 836, Time: 00:02:29

Health: -6/24      AC:  2    Str: 17    XL:     2   Next: 72%
Magic:  2/2        EV: 12    Int:  6    God:    Trog [*.....]
Gold:   34         SH:  0    Dex: 12    Spells: 1/1 levels left

rFire    . . .     SeeInvis .   a - +0 mace
rCold    . . .     Gourm    .   (no shield)
rNeg     . . .     Faith    .   b - +0 animal skin
rPois    .         Spirit   .   (helmet restricted)
rElec    .         Reflect  .   (no cloak)
rCorr    .         Harm     +   (no gloves)
MR       .....                  (no boots)
Stlth    +.........             k - amulet of harm
Regen    0.1/turn               (no ring)
MPRegen  0.1/turn               (no ring)

@: no status effects
A: horns 1, dopey 1, spiny 1
a: Berserk, Burn Spellbooks, Renounce Religion


You were on level 2 of the Dungeon.
You worshipped Trog.
Trog was aware of your devotion.
You were not hungry.

You visited 1 branch of the dungeon, and saw 2 of its levels.

You collected 34 gold pieces.

Inventory:

Hand Weapons
 a - a +0 mace (weapon)
Armour
 b - a +0 animal skin (worn)
Jewellery
 k - an amulet of harm (around neck)
Scrolls
 d - 2 scrolls of identify
 f - a scroll of remove curse
 i - a scroll of random uselessness
Potions
 e - a potion of ambrosia
 n - 2 potions of curing {unknown}
 o - a potion of invisibility {unknown}
Comestibles
 c - a bread ration
 h - a chunk of flesh
 m - 3 fruits


   Skills:
 + Level 3.6 Fighting
 - Level 2.6 Maces & Flails
 + Level 2.4 Armour
 - Level 1.7 Dodging


You had one spell level left.
You didn't know any spells.

Dungeon Overview and Level Annotations

Branches:
Dungeon (2/15)

Altars:
Kikubaaqudgha

Annotations:
D:2 Sigmund


Innate Abilities, Weirdness & Mutations

You are partially covered in sharp spines.
You have a pair of small horns on your head.
You are dopey. (Int -2)


Message History

Sigmund barely misses you.
You see here a goblin corpse.
You hit Sigmund.
Sigmund is lightly wounded.
Sigmund casts a spell at you. The magic dart hits you!
Some of the chunks of flesh in your inventory have rotted away.
You hit Sigmund. Your headbutt misses Sigmund.
Sigmund is lightly wounded.
Sigmund closely misses you.
You barely miss Sigmund.
Sigmund is lightly wounded.
Sigmund gestures wildly while chanting.
Sigmund flickers and vanishes!
Deactivating autopickup; reactivate with Ctrl-A.
You barely miss something. Your headbutt misses something. Something hits you!
Ouch! That really hurt!
* * * LOW HITPOINT WARNING * * *
Something hits you!
You die...

#.(.g#
####.#
#####g#####
#.)@......#
#.#######.#
#...# ###{#
#†# #@# ###


There were no monsters in sight!

Vanquished Creatures
  A dart slug (D:1)
  2 leopard geckos (D:1)
  A goblin (D:2)
  2 hobgoblins (D:1)
  2 jackals (D:1)
  4 kobolds (D:1)
  A ball python (D:1)
  2 bats (D:1)
  A frilled lizard (D:1)
  3 rats (D:1)
19 creatures vanquished.

Notes
Turn   | Place    | Note
-------+----------+-------------------------------------------
     0 | D:1      | grindst0ne the Demonspawn Berserker began the quest for the Orb.
     0 | D:1      | Reached XP level 1. HP: 18/18 MP: 1/1
   247 | D:1      | Gained mutation: You are partially covered in sharp spines. [demonic ancestry]
   247 | D:1      | Reached XP level 2. HP: 20/24 MP: 2/2
   791 | D:2      | Noticed Sigmund
   793 | D:2      | Found an ancient bone altar of Kikubaaqudgha.
   812 | D:1      | Gained mutation: You are dopey. (Int -2) [potion of mutation]
   812 | D:1      | Gained mutation: You have a pair of small horns on your head. [potion of mutation]
   836 | D:2      | Mangled by Sigmund

Vault maps used:
D:1:      dpeg_arrival_rooms_with_view
D:2:      cheibrodos_old_hovel, lemuel_crystal_altar, first_bread,
          nicolae_ru_great_annihilating_truth, uniq_sigmund, uniq_terence

Skill      XL: |  1 |
---------------+----+-----
Armour         | 2 |  2.4
Fighting       | |  3.6
Maces & Flails | |  2.6
Dodging        | |  1.7

Action                   || total
-------------------------++-------
Melee: Mace              ||    40
  Use: Scroll            ||     5
       Potion            ||     1
Armor: Animal skin       ||     4
Dodge: Dodged            ||    25
